Map: Pillars of Gold LE

Players

LiquidClem (Clem)

  • Race: Terran Terran
  • League: Master
  • Spawn Location: 1:00

Reynor - Winner!

  • Race: Zerg Zerg
  • League: Master
  • Spawn Location: 7:00

Event: DreamHack SC2 Masters 2020 Fall

VOD

Have the link to the VOD?

Description

Time

  • Played on: Sept. 12, 2020, 2:56 p.m.
  • Length: 9:05

All games in this series

Show
View Real Time Build Order
Export as new Build Order

LiquidClem Terran 

Build Orders: Liberator Opening, Reaper Expand 

Get SALT Encoding   

  12  0:00  SCV  
  13  0:12  SCV  
  14  0:17  Supply Depot  
  14  0:24  SCV  
  15  0:39  SCV  
  15  0:40  Barracks  
  16  0:45  Refinery  
  16  0:51  SCV  
  17  1:03  SCV  
  18  1:15  SCV  
  19  1:27  Reaper, Orbital Command  
  20  1:42  Command Center  
  20  1:51  Supply Depot  
  20  1:53  SCV  
  21  1:59  Marine  
  22  2:07  SCV  
  23  2:14  Factory  
  23  2:19  SCV  
  23  2:22  Barracks Reactor  
  24  2:26  Refinery  
  24  2:31  SCV  
  25  2:43  SCV  
  26  2:54  SCV  
  26  2:55  SCV  
  28  3:02  Starport  
  28  3:06  Orbital Command  
  28  3:08  SCV, Hellion x2  
  28  3:10  Marine  
  34  3:20  SCV  
  35  3:29  Hellion x2, Barracks Tech Lab  
  35  3:32  SCV  
  35  3:33  SCV  
  41  3:37  Liberator  
  41  3:38  Supply Depot  
  44  3:44  SCV  
  44  3:45  SCV  
  44  3:46  Supply Depot  
  46  3:50  Stimpack  
  46  3:59  SCV  
  46  4:00  SCV, Hellion x2  
  52  4:10  Supply Depot  
  52  4:12  SCV  
  52  4:13  SCV  
  54  4:19  Command Center  
  54  4:25  SCV  
  54  4:28  Hellion x2  
  54  4:29  Starport Reactor  
  59  4:31  SCV  
  60  4:39  SCV  
  60  4:40  Barracks  
  60  4:42  Barracks  
  60  4:45  SCV, Marine  
  63  4:51  SCV  
  64  4:57  SCV  
  64  4:59  Engineering Bay x2, Factory Reactor  
  65  5:03  SCV  
  65  5:05  Refinery x2  
  66  5:07  Marine  
  66  5:09  SCV  
  66  5:12  Starport Reactor, Supply Depot  
  68  5:15  SCV  
  69  5:22  SCV  
  69  5:26  Terran Infantry Weapons Level 1  
  69  5:27  Terran Infantry Armor Level 1  
  70  5:30  Combat Shield  
  70  5:31  SCV  
  70  5:32  Orbital Command  
  70  5:34  SCV, Marine  
  73  5:36  Marine x2  
  73  5:37  Marine  
  73  5:38  Marine  
  81  5:43  Widow Mine x2  
  81  5:51  Medivac x2  
  81  5:52  Marine  
  81  5:53  Supply Depot  
  81  5:54  Marine x2  
  81  5:55  SCV, Orbital Command  
  89  5:58  SCV  
  89  5:59  Marine  
  91  6:04  Marine  
  91  6:07  SCV  
  91  6:10  Supply Depot  
  93  6:14  Armory  
  93  6:15  SCV, Marine x2  
  93  6:17  Marine x2  
  98  6:19  SCV  
  98  6:21  SCV  
  100  6:25  Marine  
  100  6:29  Supply Depot  
  100  6:31  SCV x2  
  103  6:33  SCV, Widow Mine x2  
  103  6:34  Marine  
  109  6:41  Barracks  
  109  6:42  Barracks  
  109  6:43  Supply Depot  
  109  6:51  SCV x3, Medivac, Marine  
  109  6:52  Medivac  
  109  6:53  Supply Depot  
  117  6:59  Marine x2  
  117  7:01  Widow Mine  
  117  7:04  SCV x3, Marine x2  
  117  7:05  Widow Mine  
  117  7:08  Supply Depot  
  124  7:09  Marine  
  124  7:10  Factory  
  124  7:13  Refinery  
  125  7:16  SCV x2  
  125  7:17  SCV, Marine x2  
  125  7:22  Marine x2  
  132  7:24  Supply Depot  
  132  7:26  Marine  
  132  7:27  Medivac  
  132  7:29  Marine x2  
  137  7:30  SCV x2  
  137  7:35  Marine  
  138  7:43  Supply Depot  
  138  7:44  SCV, Supply Depot  
  138  7:45  SCV  
  138  7:46  SCV  
  138  7:48  Marine  
  141  7:54  Barracks Reactor x2  
  140  8:00  Marauder, Marine x2  
  140  8:01  Marine  
  140  8:03  Widow Mine x2  
  140  8:04  Factory Tech Lab  
  144  8:06  Marine  
  144  8:11  Supply Depot  
  144  8:12  Medivac x2, Bunker  
  149  8:18  Marine x2  
  149  8:19  Marine  
  148  8:21  Marauder  
  148  8:24  Marine  
  148  8:26  Widow Mine x2  
  142  8:30  Supply Depot, Marine x3  
  142  8:31  Marine  
  131  8:35  Marine  
  131  8:36  Orbital Command, Marine  
  131  8:37  Marine  
  131  8:40  SCV x2  
  124  8:42  Marauder, Marine  
  111  8:53  SCV x2  
Show
View Real Time Build Order
Export as new Build Order

Reynor Zerg - Winner!

Build Orders: Hatch First 

Get SALT Encoding   

  12  0:00  Drone  
  13  0:12  Overlord  
  13  0:17  Drone  
  14  0:31  Drone x2  
  16  0:50  Hatchery  
  16  0:52  Drone  
  16  0:56  Drone  
  17  1:00  Drone  
  18  1:10  Extractor  
  17  1:16  Spawning Pool  
  16  1:18  Drone  
  16  1:23  Drone  
  18  1:28  Drone  
  19  1:38  Drone  
  20  1:49  Overlord  
  20  2:03  Zergling x4, Queen x2  
  26  2:10  Drone  
  26  2:12  Drone  
  28  2:21  Drone  
  29  2:23  Drone  
  30  2:32  Hatchery  
  30  2:35  Drone  
  30  2:43  Queen  
  31  2:46  Drone  
  32  2:51  Overlord  
  32  2:54  Metabolic Boost  
  32  2:56  Drone  
  33  2:59  Drone  
  33  3:04  Overlord  
  34  3:12  Drone  
  35  3:23  Drone x4  
  35  3:25  Drone  
  35  3:26  Queen  
  42  3:30  Overlord  
  42  3:31  Drone  
  43  3:44  Zergling x10  
  43  3:46  Zergling x2  
  43  3:48  Queen  
  51  3:52  Drone  
  51  3:54  Drone  
  51  3:55  Zergling x6  
  56  3:59  Overlord  
  56  4:03  Drone  
  57  4:12  Overlord  
  57  4:17  Queen  
  57  4:18  Drone x4  
  57  4:19  Drone x2  
  57  4:23  Spore Crawler  
  64  4:25  Spore Crawler, Drone  
  64  4:27  Drone  
  64  4:30  Drone x2  
  67  4:37  Drone x4  
  71  4:42  Extractor  
  71  4:44  Spore Crawler  
  69  4:47  Zergling x4  
  69  4:48  Drone x2  
  69  4:49  Overlord  
  73  4:58  Overlord  
  73  5:01  Evolution Chamber  
  73  5:02  Evolution Chamber, Drone  
  73  5:03  Drone  
  73  5:06  Overlord  
  73  5:08  Drone  
  73  5:09  Drone x4  
  78  5:16  Drone x3  
  81  5:24  Drone x3  
  84  5:30  Zerg Missile Weapons Level 1, Zerg Ground Armor Level 1  
  84  5:32  Lair, Drone x3  
  84  5:35  Extractor  
  86  5:36  Zergling x4  
  86  5:40  Drone x2  
  90  5:46  Extractor  
  90  5:48  Drone x3  
  90  5:49  Overlord  
  89  5:50  Drone  
  89  5:51  Drone x2  
  89  5:52  Drone  
  89  5:56  Drone x2  
  95  5:58  Extractor  
  95  5:59  Drone  
  95  6:00  Drone  
  95  6:01  Drone  
  95  6:03  Drone  
  98  6:04  Overlord, Extractor  
  98  6:09  Roach Warren  
  96  6:21  Overlord  
  96  6:28  Hatchery  
  96  6:30  Zergling x18  
  104  6:34  Overlord  
  104  6:35  Overlord  
  104  6:42  Overlord  
  104  6:50  Roach x3  
  104  6:51  Roach x6, Glial Reconstitution  
  121  6:58  Roach x2  
  118  7:03  Roach  
  118  7:07  Roach x5  
  130  7:11  Roach x3  
  135  7:16  Overlord  
  135  7:17  Roach x3  
  135  7:18  Overlord  
  135  7:19  Roach  
  143  7:25  Overlord  
  143  7:28  Roach  
  144  7:35  Overlord  
  144  7:38  Roach x4  
  144  7:39  Ravager x8  
  144  7:41  Roach x2  
  163  7:44  Roach x3  
  163  7:46  Roach  
  163  7:47  Hatchery  
  163  7:49  Overlord  
  168  7:53  Roach x4  
  176  8:03  Overlord  
  176  8:08  Roach  
  176  8:09  Roach  
  176  8:11  Roach x2  
  184  8:15  Overlord  
  184  8:16  Overseer  
  184  8:19  Roach x2  
  184  8:26  Roach  
  184  8:27  Roach x4  
  192  8:29  Roach  
  194  8:34  Roach x2  
  194  8:38  Roach x3  
  188  8:42  Roach x3  
  188  8:43  Roach x3  
  188  8:44  Zergling x2  

Tags
 
Add a new tag
Caveats
  • Supply blocks, unpowered buildings, or Contaminate may cause inaccurate times.
  • Supply counts are checked every 10 seconds.